 BcadrenCrawl: Boulder Brew version 0.05.4-52-gbd2e00ed8b (webtiles) character file.

Game seed: 15207592575764534805, levelgen mode: deterministic

2 CalmDownMonkey the Caster of Ruination (level 1, -2/14 HPs) Hill Orc Priest. Began on Apr 17, 2022. Was a Believer of Vehumet. Slain by an ooze (6 damage) ... on level 1 of the Dungeon. The game lasted 00:02:38 (112 turns).

CalmDownMonkey the Caster of Ruination (HOPr)        Turns: 112, Time: 00:02:39

Health: -2/14      AC:  2    Str: 12    XL:     1 ^: 6
Magic:  3/3        EV: 12    Int: 16    God:    Vehumet [2* [52]]
Gold:   17         SH:  0    Dex:  8    Spells: 0/0 levels left

rFire    . . .     Vision   .     - Unarmed
rCold    . . .     Gourm    .     - Unarmed
rNeg     . . .     Faith    .   a - +0 robe
rCorr    . . .     Spirit   .   (no helmet)
rPois    .         Reflect  .   (no cloak)
rElec    .         Harm     .   (no gloves)
MR       .....                  (no boots)
Stlth    +.........             (no amulet)
HPRegen  0.14/turn              (no ring)
MPRegen  0.13/turn              (no ring)

@: no status effects
A: no striking features
a: Renounce Religion


You were on level 1 of the Dungeon.
You worshipped Vehumet.
Vehumet was pleased with you.
You were not hungry.

You visited 1 branch of the dungeon, and saw 2 of its levels.
You also visited: Temple.

You collected 17 gold pieces.

Inventory:

Armour
 a - a +0 robe (worn)
Comestibles
 b - a ration


   Skills:
 + Level 1.6 Dodging
 + Level 1.6 Stealth
 + Level 3.4 Unarmed Combat
   Level 4.8 Invocations


You couldn't memorise any spells.
You didn't know any spells.
Your spell library contained the following spells:

 Spells                   Type           Power        Failure   Level  Hunger
 Shock Air 0 (25) 26% 1 40-60 Searing Ray Fire           0 (50)       36%         2    80-120


Dungeon Overview and Level Annotations

Branches:
Dungeon (2/8)

Altars:


Message History

There is a stone staircase leading down here.
You hit the kobold but do no damage. The kobold blocks your attack.
The kobold is healthy. (4/4) HP You hit the kobold but do no damage.
You hit the kobold (2).
The kobold is heavily wounded. (2/4) HP The leopard gecko hisses angrily.
The kobold splashes around in the water.
You hit the kobold (1). You hit the kobold but do no damage.
The kobold is severely wounded. (1/4) HP The ooze hits you (2).
* * * LOW HITPOINT WARNING * * *
You hit the kobold (4).
You kill the kobold!
Vehumet accepts your kill.
You hear a splash.
You hit the ooze (2).
It is struck brutally!
You hit the ooze (4).
It is struck brutally!
The ooze is heavily wounded. (6/12) HP The ooze hits you (6).
You die...

##########.#####
#.#..#............
#.#.#.............
#.##.......#.#....
##.#......#.#.#.#..
.l#.....##.#.#.##.
#.#.......⌠#.#⌠...
##.#..#######.#####
#≈@J.........<...†.
#≈)#..#######.#####
.....#..... #.#
#..####.....# #.#
#.. #......# #)#
... ##.......#.#
##. .#......... .
.. #........


You could see an ooze and a leopard gecko.

Vanquished Creatures
  A kobold (D:1)
  A bat (D:1)
  A rat (D:1)
3 creatures vanquished.

Notes
Turn   | Place    | Note
-------+----------+-------------------------------------------
     0 | Start Te | CalmDownMonkey the Hill Orc Priest began the quest for the
                  | Orb.
     0 | Start Te | Reached XP level 1. HP: 14/14 MP: 3/3
     0 | Start Te | Found a sparkling altar of Nemelex Xobeh.
     1 | Start Te | Found a white marble altar of Elyvilon.
     1 | Start Te | Found a basalt altar of Yredelemnul.
     2 | Start Te | Found an iron altar of Okawaru.
     3 | Start Te | Found a glowing silver altar of Zin.
     3 | Start Te | Found a blossoming altar of Fedhas.
     4 | Start Te | Found a stormy altar of Qazlal.
    13 | Start Te | Found a glowing golden altar of the Shining One.
    13 | Start Te | Found an opulent altar of Gozag.
    14 | Start Te | Found a sacrificial altar of Ru.
    17 | Start Te | Found an ornate altar of Bahamut and Tiamat.
    17 | Start Te | Found a hazy altar of Hepliaklqana.
    35 | Start Te | Became a worshipper of Vehumet
    35 | Start Te | Reached * piety under Vehumet
    35 | Start Te | Offered knowledge of Shock by Vehumet.
    35 | Start Te | Reached ** piety under Vehumet
    47 | D:1      | Offered knowledge of Searing Ray by Vehumet.
    99 | D:2      | Noticed a big kobold
   112 | D:1      | Slain by an ooze

Levels and vault maps discovered:
D:1:      matt_arrival_grand_opening, layout_cave_pools,
          kennysheep_generic_room_11
D:2:      layout_sewer, uniq_natasha, uniq_robin, uniq_purgy,
          uniq_blork_the_orc, uniq_pikel

Action                   || total
-------------------------++-------
Melee: Unarmed           ||    18
Armor: Robe              ||     1
Dodge: Dodged            ||     1
